General information
- name: BNet
- type: Ladder team game (AT/RT)
- host: Battle.net
- saver: Gobiner
map: UpperKingdom
- players: 6
- length: 39:34
- speed: Fast
- version: 1.24 W3XP
- replay type: Public
» download(305 KB)
Players
team 1 (winner)
Gobiner (
blue | 55 APM | 2196 actions | 39:34)
7 Blademaster
3 Wind Walk
3 Critical Strike
1 Bladestorm
» actions
| Assign group hotkey | 25 | |
| Basic commands | 7 | |
| Build / train | 88 | |
| ESC pressed | 1 | |
| Enter build submenu | 113 | |
| Enter hero's abilities submenu | 7 | |
| Give item / drop item | 9 | |
| Right click | 765 | |
| Select / deselect | 296 | |
| Select group hotkey | 476 | |
| Use ability | 409 | |
2196 total
» units
| Peon | 21 | |
| Magnataur Warrior | 1 | |
| Troll Batrider | 19 | |
41 total
» upgrades
| Reinforced Defenses | 1 | |
| Liquid Fire | 1 | |
| Ranged Weapons | 3 | |
| Armor | 3 | |
| Spiked Barricades | 1 | |
9 total
» buildings
| Altar of Storms | 1 | |
| Orc Burrow | 5 | |
| War Mill | 1 | |
| Watch Tower | 99 | |
| Voodoo Lounge | 1 | |
| Stronghold | 4 | |
| Fortress | 1 | |
| Beastiary | 2 | |
| Great Hall | 2 | |
116 total
» build order
00:07 Altar of Storms
00:18 Orc Burrow
00:36 War Mill
01:47 Watch Tower
01:59 Orc Burrow
02:24 Watch Tower
03:03 Watch Tower
03:15 Voodoo Lounge
03:30 Watch Tower
03:41 Watch Tower
04:15 Watch Tower
04:23 Stronghold
04:24 Stronghold
04:24 Stronghold
04:42 Watch Tower
05:22 Watch Tower
05:25 Watch Tower
05:48 Watch Tower
06:39 Watch Tower
06:42 Watch Tower
06:48 Fortress
06:50 Beastiary
06:54 Beastiary
06:59 Watch Tower
07:06 Orc Burrow
07:07 Orc Burrow
07:51 Watch Tower
07:54 Watch Tower
08:22 Watch Tower
08:58 Watch Tower
09:27 Watch Tower
10:58 Watch Tower
10:58 Watch Tower
11:16 Watch Tower
12:01 Watch Tower
12:43 Watch Tower
12:54 Watch Tower
13:10 Watch Tower
13:52 Watch Tower
14:00 Watch Tower
14:21 Watch Tower
15:47 Watch Tower
16:04 Watch Tower
16:05 Watch Tower
17:04 Great Hall
17:09 Orc Burrow
17:23 Watch Tower
17:41 Watch Tower
17:42 Watch Tower
17:43 Watch Tower
17:44 Watch Tower
18:45 Watch Tower
19:54 Watch Tower
20:23 Watch Tower
20:24 Watch Tower
23:24 Watch Tower
23:25 Watch Tower
23:26 Watch Tower
23:27 Watch Tower
24:03 Watch Tower
24:05 Watch Tower
24:38 Watch Tower
24:39 Watch Tower
24:42 Watch Tower
25:11 Great Hall
25:14 Watch Tower
25:50 Watch Tower
25:51 Watch Tower
25:52 Watch Tower
26:51 Watch Tower
26:54 Watch Tower
26:57 Watch Tower
27:32 Watch Tower
28:10 Watch Tower
28:13 Watch Tower
28:14 Watch Tower
28:18 Watch Tower
28:51 Watch Tower
29:16 Watch Tower
29:17 Watch Tower
29:28 Watch Tower
29:31 Watch Tower
30:00 Watch Tower
30:26 Watch Tower
30:27 Watch Tower
30:56 Watch Tower
31:00 Watch Tower
31:22 Watch Tower
31:25 Watch Tower
31:27 Watch Tower
31:35 Watch Tower
32:13 Watch Tower
32:46 Watch Tower
32:46 Watch Tower
32:53 Watch Tower
33:05 Watch Tower
34:01 Watch Tower
34:02 Watch Tower
34:07 Watch Tower
34:24 Watch Tower
34:50 Watch Tower
34:54 Watch Tower
35:26 Watch Tower
35:39 Watch Tower
36:35 Watch Tower
36:42 Watch Tower
36:47 Watch Tower
36:54 Watch Tower
37:59 Watch Tower
38:00 Watch Tower
38:03 Watch Tower
38:42 Watch Tower
39:16 Watch Tower
39:17 Watch Tower
39:19 Watch Tower
» items
| Lesser Clarity Potion | 13 | |
| Orb of Lightning | 1 | |
| Healing Salve | 3 | |
| Scroll of Town Portal | 2 | |
| Scroll of Speed | 2 | |
| Potion of Mana | 2 | |
23 total
MrFrosty (
teal | 105 APM | 4140 actions | 39:32)
6 Archmage
3 Blizzard
2 Brilliance Aura
1 Mass Teleport
5 Mountain King
3 Storm Bolt
2 Bash
6 Paladin
3 Holy Light
3 Divine Shield
» actions
| Assign group hotkey | 39 | |
| Basic commands | 30 | |
| Build / train | 116 | |
| ESC pressed | 1 | |
| Enter build submenu | 51 | |
| Enter hero's abilities submenu | 17 | |
| Give item / drop item | 5 | |
| Right click | 2047 | |
| Select / deselect | 758 | |
| Select group hotkey | 679 | |
| Use ability | 397 | |
4140 total
» units
| Peasant | 18 | |
| Barbed Arachnathid | 1 | |
| Dragonhawk Rider | 7 | |
| Priest | 4 | |
| Sorceress | 3 | |
33 total
» upgrades
| Masonry | 3 | |
| Lumber Harvesting | 2 | |
| Magic Sentry | 1 | |
| Priest Training | 2 | |
| Sorceress Training | 2 | |
| Armor | 2 | |
| Animal War Training | 1 | |
| Backpack | 1 | |
14 total
» buildings
| Altar of Kings | 1 | |
| Farm | 7 | |
| Scout Tower | 65 | |
| Lumber Mill | 1 | |
| Arcane Tower | 11 | |
| Guard Tower | 27 | |
| Arcane Vault | 2 | |
| Keep | 1 | |
| Castle | 1 | |
| Gryphon Aviary | 1 | |
| Arcane Sanctum | 1 | |
| Blacksmith | 1 | |
| Barracks | 1 | |
| Town Hall | 1 | |
121 total
» build order
00:06 Altar of Kings
00:20 Farm
00:30 Scout Tower
00:55 Lumber Mill
01:05 Arcane Tower
01:21 Farm
01:36 Scout Tower
02:16 Guard Tower
02:20 Scout Tower
02:52 Guard Tower
02:54 Scout Tower
03:28 Guard Tower
03:33 Scout Tower
03:36 Scout Tower
03:40 Arcane Vault
03:52 Farm
04:10 Guard Tower
04:37 Scout Tower
05:03 Keep
05:05 Scout Tower
05:10 Scout Tower
05:17 Guard Tower
05:21 Scout Tower
05:32 Guard Tower
05:39 Guard Tower
05:43 Scout Tower
05:52 Guard Tower
06:20 Guard Tower
06:22 Scout Tower
06:43 Farm
07:08 Arcane Tower
07:13 Farm
07:47 Castle
07:57 Gryphon Aviary
09:03 Arcane Sanctum
09:09 Farm
11:36 Farm
11:51 Scout Tower
11:51 Scout Tower
12:29 Blacksmith
12:32 Barracks
12:44 Guard Tower
12:46 Scout Tower
12:46 Scout Tower
12:49 Scout Tower
12:50 Scout Tower
13:26 Arcane Tower
13:41 Arcane Tower
13:43 Guard Tower
13:53 Guard Tower
16:15 Arcane Vault
19:37 Scout Tower
19:39 Scout Tower
19:39 Scout Tower
19:42 Scout Tower
19:42 Scout Tower
19:43 Scout Tower
19:48 Scout Tower
19:50 Scout Tower
19:51 Scout Tower
19:52 Scout Tower
19:54 Scout Tower
19:56 Scout Tower
19:59 Scout Tower
20:10 Guard Tower
20:10 Arcane Tower
20:23 Scout Tower
20:24 Scout Tower
20:26 Scout Tower
20:26 Scout Tower
20:27 Scout Tower
20:41 Guard Tower
21:05 Guard Tower
22:19 Guard Tower
23:57 Guard Tower
24:06 Scout Tower
24:06 Scout Tower
24:07 Scout Tower
24:08 Scout Tower
24:09 Scout Tower
24:09 Scout Tower
24:11 Scout Tower
24:12 Scout Tower
24:13 Scout Tower
24:14 Scout Tower
24:15 Scout Tower
24:40 Guard Tower
24:46 Scout Tower
24:48 Scout Tower
24:49 Scout Tower
25:00 Guard Tower
25:02 Arcane Tower
25:12 Guard Tower
25:24 Town Hall
25:59 Arcane Tower
26:01 Arcane Tower
26:05 Guard Tower
26:39 Guard Tower
26:42 Scout Tower
26:43 Scout Tower
27:34 Arcane Tower
30:34 Scout Tower
30:35 Scout Tower
30:35 Scout Tower
30:36 Scout Tower
30:37 Scout Tower
30:40 Scout Tower
30:41 Scout Tower
30:42 Scout Tower
30:44 Scout Tower
30:44 Scout Tower
30:47 Scout Tower
30:48 Scout Tower
30:49 Scout Tower
31:18 Guard Tower
31:43 Guard Tower
31:56 Arcane Tower
32:36 Guard Tower
32:38 Arcane Tower
32:43 Guard Tower
33:08 Guard Tower
» items
| Scroll of Regeneration | 1 | |
| Healing Salve | 1 | |
| Staff of Sanctuary | 3 | |
| Orb of Lightning | 3 | |
| Scroll of Town Portal | 1 | |
9 total
NiceLegsAndButt (
red | 88 APM | 3474 actions | 39:32)
6 Blademaster
3 Wind Walk
2 Critical Strike
1 Bladestorm
4 Shadow Hunter
1 Hex
3 Healing Wave
3 Dark Ranger
2 Silence
1 Life Drain
» actions
| Assign group hotkey | 54 | |
| Basic commands | 39 | |
| Build / train | 91 | |
| ESC pressed | 3 | |
| Enter build submenu | 81 | |
| Enter hero's abilities submenu | 13 | |
| Give item / drop item | 7 | |
| Right click | 1517 | |
| Select / deselect | 339 | |
| Select group hotkey | 1101 | |
| Use ability | 227 | |
3474 total
» units
» upgrades
| Reinforced Defenses | 1 | |
| Liquid Fire | 1 | |
2 total
» buildings
| Altar of Storms | 1 | |
| Orc Burrow | 4 | |
| Voodoo Lounge | 2 | |
| War Mill | 1 | |
| Watch Tower | 59 | |
| Stronghold | 6 | |
| Fortress | 1 | |
| Beastiary | 2 | |
| Great Hall | 2 | |
78 total
» build order
00:07 Altar of Storms
00:25 Orc Burrow
00:56 Voodoo Lounge
01:09 War Mill
01:55 Orc Burrow
02:27 Watch Tower
02:51 Watch Tower
03:10 Watch Tower
03:52 Watch Tower
04:07 Watch Tower
04:10 Watch Tower
04:15 Watch Tower
04:17 Watch Tower
05:02 Stronghold
05:02 Stronghold
05:03 Stronghold
05:03 Stronghold
07:25 Fortress
07:29 Beastiary
07:31 Beastiary
08:02 Orc Burrow
08:02 Orc Burrow
08:15 Watch Tower
09:04 Watch Tower
10:23 Watch Tower
10:24 Watch Tower
11:48 Watch Tower
11:49 Watch Tower
12:58 Watch Tower
12:59 Watch Tower
15:07 Watch Tower
15:07 Watch Tower
16:08 Voodoo Lounge
16:21 Watch Tower
16:24 Watch Tower
20:00 Watch Tower
20:00 Watch Tower
20:02 Watch Tower
20:04 Watch Tower
20:05 Watch Tower
24:30 Watch Tower
24:33 Watch Tower
24:34 Watch Tower
26:22 Great Hall
26:26 Watch Tower
26:28 Watch Tower
26:28 Watch Tower
34:14 Watch Tower
34:16 Watch Tower
34:20 Watch Tower
34:23 Watch Tower
34:29 Watch Tower
34:30 Watch Tower
34:39 Great Hall
34:42 Watch Tower
34:48 Watch Tower
34:49 Watch Tower
34:50 Watch Tower
35:26 Watch Tower
35:27 Watch Tower
35:29 Watch Tower
36:10 Watch Tower
36:12 Watch Tower
36:13 Watch Tower
36:18 Watch Tower
36:32 Watch Tower
36:42 Watch Tower
36:43 Watch Tower
36:45 Watch Tower
37:45 Watch Tower
37:47 Watch Tower
37:48 Watch Tower
38:36 Watch Tower
38:37 Watch Tower
38:48 Watch Tower
» items
| Healing Salve | 7 | |
| Lesser Clarity Potion | 6 | |
| Scroll of Speed | 5 | |
| Potion of Healing | 4 | |
| Orb of Lightning | 3 | |
| Scroll of Town Portal | 4 | |
| Staff of Sanctuary | 3 | |
| Potion of Mana | 2 | |
34 total
team 2 (loser)
Fallen]RaiN (
pink | 114 APM | 4374 actions | 38:19)
4 Demon Hunter
2 Mana Burn
2 Evasion
3 Dark Ranger
2 Silence
1 Black Arrow
1 Priestess of the Moon
1 Trueshot Aura
» actions
| Assign group hotkey | 157 | |
| Basic commands | 639 | |
| Build / train | 170 | |
| ESC pressed | 20 | |
| Enter build submenu | 78 | |
| Enter hero's abilities submenu | 8 | |
| Give item / drop item | 1 | |
| Remove unit from queue | 1 | |
| Right click | 1499 | |
| Select / deselect | 700 | |
| Select group hotkey | 900 | |
| Use ability | 201 | |
4374 total
» units
| Wisp | 80 | |
| Druid of the Claw | 8 | |
| Druid of the Talon | 6 | |
| Hippogryph | 6 | |
| Faerie Dragon | 1 | |
| Mountain Giant | 1 | |
102 total
» upgrades
| Ultravision | 1 | |
| Druid of the Claw Training | 2 | |
| Backpack | 1 | |
| Well Spring | 2 | |
| Nature's Blessing | 1 | |
| Mark of the Claw | 1 | |
| Reinforced Hides | 3 | |
| Moon Armor | 3 | |
| Druid of the Talon Training | 2 | |
| Strength of the Wild | 3 | |
| Mark of the Talon | 1 | |
| Abolish Magic | 1 | |
| Strength of the Moon | 1 | |
| Hardened Skin | 1 | |
| Resistant Skin | 1 | |
24 total
» buildings
| Altar of Elders | 1 | |
| Moon Well | 6 | |
| Hunter's Hall | 2 | |
| Ancient Protector | 38 | |
| Tree of Life | 6 | |
| Ancient of Wonders | 4 | |
| Tree of Ages | 4 | |
| Tree of Eternity | 3 | |
| Ancient of Lore | 3 | |
| Ancient of Wind | 2 | |
69 total
» build order
00:06 Altar of Elders
00:18 Moon Well
02:56 Hunter's Hall
04:26 Ancient Protector
04:28 Ancient Protector
05:07 Ancient Protector
06:21 Tree of Life
07:20 Tree of Life
08:16 Ancient of Wonders
08:38 Moon Well
10:48 Ancient Protector
11:05 Tree of Ages
11:06 Tree of Ages
11:06 Tree of Ages
11:10 Ancient Protector
11:32 Ancient Protector
11:59 Ancient Protector
12:36 Tree of Life
13:00 Ancient Protector
13:05 Ancient Protector
13:06 Ancient Protector
13:30 Tree of Eternity
13:30 Tree of Eternity
14:08 Ancient of Lore
14:34 Ancient of Lore
14:43 Ancient of Wind
16:35 Ancient of Wind
16:42 Ancient of Lore
16:46 Ancient Protector
16:49 Ancient Protector
17:00 Ancient Protector
17:53 Ancient Protector
18:46 Ancient Protector
18:48 Ancient Protector
18:55 Moon Well
18:58 Moon Well
20:20 Moon Well
20:23 Ancient Protector
21:09 Hunter's Hall
24:42 Tree of Life
26:28 Ancient of Wonders
26:30 Ancient of Wonders
26:31 Ancient of Wonders
27:27 Ancient Protector
27:30 Ancient Protector
28:15 Ancient Protector
30:05 Moon Well
30:09 Ancient Protector
30:11 Ancient Protector
30:37 Ancient Protector
31:31 Ancient Protector
32:06 Ancient Protector
32:09 Ancient Protector
32:34 Ancient Protector
32:53 Ancient Protector
34:37 Tree of Life
34:39 Ancient Protector
34:40 Ancient Protector
34:42 Ancient Protector
34:43 Ancient Protector
34:45 Ancient Protector
36:15 Ancient Protector
36:45 Ancient Protector
36:48 Ancient Protector
36:54 Ancient Protector
36:56 Ancient Protector
36:57 Tree of Life
» items
| Scroll of Healing | 2 | |
| Potion of Healing | 2 | |
| Orb of Corruption | 1 | |
| Scroll of Town Portal | 1 | |
6 total
Go) (
yellow | 72 APM | 2660 actions | 36:59)
3 Demon Hunter
2 Mana Burn
1 Evasion
1 Pit Lord
1 Rain of Fire
» actions
| Assign group hotkey | 51 | |
| Basic commands | 1 | |
| Build / train | 88 | |
| Enter build submenu | 30 | |
| Enter hero's abilities submenu | 4 | |
| Give item / drop item | 2 | |
| Remove unit from queue | 5 | |
| Right click | 1633 | |
| Select / deselect | 340 | |
| Select group hotkey | 412 | |
| Use ability | 94 | |
2660 total
» units
| Wisp | 42 | |
| Glaive Thrower | 7 | |
| Druid of the Talon | 8 | |
| Hippogryph | 5 | |
62 total
» upgrades
| Druid of the Talon Training | 2 | |
2 total
» buildings
| Altar of Elders | 1 | |
| Moon Well | 7 | |
| Hunter's Hall | 4 | |
| Ancient of War | 2 | |
| Ancient Protector | 7 | |
| Tree of Ages | 1 | |
| Ancient of Wind | 2 | |
| Ancient of Wonders | 1 | |
| Tree of Eternity | 1 | |
| Tree of Life | 3 | |
29 total
» build order
00:08 Altar of Elders
00:18 Moon Well
05:20 Hunter's Hall
05:29 Ancient of War
05:59 Hunter's Hall
06:39 Hunter's Hall
06:48 Ancient of War
07:11 Moon Well
08:58 Moon Well
08:59 Moon Well
11:28 Ancient Protector
11:48 Ancient Protector
11:54 Ancient Protector
14:07 Ancient Protector
14:13 Ancient Protector
14:16 Ancient Protector
14:19 Ancient Protector
15:48 Tree of Ages
18:33 Ancient of Wind
18:36 Ancient of Wind
18:48 Ancient of Wonders
19:56 Moon Well
19:59 Moon Well
22:02 Tree of Eternity
23:27 Moon Well
27:03 Tree of Life
29:04 Tree of Life
31:26 Tree of Life
34:43 Hunter's Hall
» items
| Orb of Venom | 1 | |
| Staff of Preservation | 1 | |
| Dust of Appearance | 1 | |
| Scroll of Town Portal | 7 | |
| Scroll of Healing | 1 | |
| Orb of Corruption | 1 | |
12 total
ZergSwarm (
orange | 101 APM | 3999 actions | 39:32)
5 Death Knight
3 Death Coil
1 Unholy Aura
1 Death Pact
2 Lich
1 Frost Nova
1 Frost Armor
» actions
| Assign group hotkey | 62 | |
| Basic commands | 19 | |
| Build / train | 105 | |
| ESC pressed | 17 | |
| Enter build submenu | 28 | |
| Enter hero's abilities submenu | 7 | |
| Give item / drop item | 5 | |
| Right click | 1845 | |
| Select / deselect | 698 | |
| Select group hotkey | 1044 | |
| Use ability | 169 | |
3999 total
» units
| Acolyte | 4 | |
| Ghoul | 3 | |
| Crypt Fiend | 13 | |
| Gargoyle | 8 | |
| Obsidian Statue | 1 | |
29 total
» upgrades
| Creature Attack | 3 | |
| Stone Form | 1 | |
| Freezing Breath | 1 | |
| Creature Carapace | 3 | |
| Burrow | 1 | |
| Web | 1 | |
| Destroyer Form | 1 | |
| Ghoul Frenzy | 1 | |
12 total
» buildings
| Altar of Darkness | 1 | |
| Ziggurat | 10 | |
| Crypt | 7 | |
| Graveyard | 1 | |
| Halls of the Dead | 3 | |
| Tomb of Relics | 1 | |
| Nerubian Tower | 2 | |
| Black Citadel | 3 | |
| Sacrificial Pit | 1 | |
| Boneyard | 3 | |
| Spirit Tower | 5 | |
| Slaughterhouse | 1 | |
38 total
» build order
00:06 Altar of Darkness
00:08 Ziggurat
00:10 Crypt
00:33 Graveyard
01:15 Halls of the Dead
01:16 Halls of the Dead
01:40 Tomb of Relics
02:11 Crypt
02:16 Crypt
02:18 Crypt
02:20 Ziggurat
02:23 Ziggurat
02:24 Ziggurat
02:40 Nerubian Tower
02:40 Nerubian Tower
04:00 Ziggurat
04:04 Ziggurat
05:07 Black Citadel
05:07 Black Citadel
05:36 Sacrificial Pit
07:42 Boneyard
07:44 Boneyard
07:45 Boneyard
09:23 Ziggurat
14:12 Spirit Tower
14:12 Spirit Tower
14:12 Spirit Tower
17:40 Ziggurat
17:43 Ziggurat
18:31 Crypt
18:33 Crypt
18:38 Crypt
20:33 Slaughterhouse
28:20 Spirit Tower
33:32 Ziggurat
» items
| Orb of Corruption | 3 | |
| Dust of Appearance | 3 | |
| Potion of Healing | 2 | |
| Potion of Mana | 1 | |
| Scroll of Healing | 1 | |
| Scroll of Town Portal | 2 | |
| Staff of Preservation | 1 | |
| Anti-magic Potion | 1 | |
14 total
Chat log
(00:08 / All) MrFrosty: garg feed
(00:10 / All) MrFrosty: nice strat
(00:16 / Allies) NiceLegsAndButt: gpbomer
(00:17 / Allies) NiceLegsAndButt: gob
(00:23 / Allies) NiceLegsAndButt: arent there like 8 lines to that scat thing
(00:33 / Allies) NiceLegsAndButt: yeah its missing lines in the middle
(00:34 / Allies) NiceLegsAndButt: and start
(00:39 / Allies) Gobiner: and the best part is the lighthearted high five I give her afterwards as she gives a relieved laughing erotic sigh
(00:39 / All) Go): MATT
(00:40 / All) Go): SUP
(00:43 / Allies) NiceLegsAndButt: 3 lines
(00:45 / All) NiceLegsAndButt: wtf is a matt
(01:09 / Allies) NiceLegsAndButt: no
(01:11 / Allies) NiceLegsAndButt: close tho
(01:18 / Allies) MrFrosty: mort.
(01:26 / All) NiceLegsAndButt: mah name..is Mort.
(01:42 / All) Go): kadit?
(01:58 / All) NiceLegsAndButt: are u seriously gay
(02:05 / All) MrFrosty: yes
(02:06 / Allies) NiceLegsAndButt: u get both oranges frosty
(02:07 / Allies) NiceLegsAndButt: cumgrats
(02:29 / Allies) NiceLegsAndButt: laggin out here woot
(03:39 / Allies) NiceLegsAndButt: t2
(03:58 / Allies) NiceLegsAndButt: lots of towerz
(04:41 / Allies) NiceLegsAndButt: 4 gargs lmao
(04:49 / Allies) NiceLegsAndButt: keeping mine for my sh i guess
(04:50 / Allies) NiceLegsAndButt: ^_^
(04:58 / Allies) NiceLegsAndButt: ye
(06:40 / Allies) NiceLegsAndButt: wonder where ud is
(06:56 / Allies) NiceLegsAndButt: alot of shit doesnt attack air which is GAY
(07:24 / Allies) NiceLegsAndButt: iono
(07:41 / Allies) NiceLegsAndButt: creepe?
(07:47 / Allies) NiceLegsAndButt: imo get ur mk pal
(07:54 / Allies) NiceLegsAndButt: we have 2x bat
(09:17 / Allies) NiceLegsAndButt: he got a crown
(09:20 / Allies) NiceLegsAndButt: did that
(09:47 / Allies) NiceLegsAndButt: should get that fast
(10:16 / Allies) NiceLegsAndButt: rofl
(10:25 / All) Go): WHO ARE YOU
(10:28 / All) NiceLegsAndButt: ur mum
(10:31 / All) Go): MAX?
(11:07 / Allies) NiceLegsAndButt: just creep what we can hard..
(11:14 / Allies) NiceLegsAndButt: cause we cant fight and thats what they doin
(11:34 / Allies) NiceLegsAndButt: control
(12:13 / Allies) NiceLegsAndButt: t.t
(13:05 / Allies) NiceLegsAndButt: fuck lag
(13:39 / Allies) NiceLegsAndButt: uncrept
(13:54 / Allies) NiceLegsAndButt: imo go for it
(13:56 / Allies) NiceLegsAndButt: before they come back
(14:01 / Allies) NiceLegsAndButt: oh
(14:05 / Allies) NiceLegsAndButt: he leaving
(14:49 / Allies) NiceLegsAndButt: tt
(14:53 / Allies) MrFrosty: tt
(16:06 / Allies) NiceLegsAndButt: more hu shop
(16:36 / Allies) NiceLegsAndButt: give it to frosty or me then
(17:09 / Allies) NiceLegsAndButt: ^^
(17:23 / Allies) NiceLegsAndButt: wtf
(17:55 / Allies) NiceLegsAndButt: heroes are so fucked
(18:00 / Allies) NiceLegsAndButt: come get item gob
(18:02 / Allies) NiceLegsAndButt: i got no room
(19:20 / Allies) NiceLegsAndButt: was good.
(19:42 / Allies) NiceLegsAndButt: i only had 5 bats
(19:46 / Allies) NiceLegsAndButt: and got all his gargs right at gobs ^^
(20:42 / Allies) NiceLegsAndButt: sure
(21:31 / Allies) NiceLegsAndButt: oh wtf
(22:12 / Allies) NiceLegsAndButt: more tower
(23:37 / Allies) NiceLegsAndButt: oh fuck
(23:40 / Allies) NiceLegsAndButt: dk back arleady
(23:57 / Allies) Gobiner: lumber?
(24:06 / Allies) NiceLegsAndButt: haha yeah
(24:19 / All) ZergSwarm: FUCKING HACKERS
(24:23 / All) Gobiner: sorry about your hero
(24:24 / All) NiceLegsAndButt: i keep hearing that..
(24:28 / All) MrFrosty: how are you so bad?
(24:34 / All) ZergSwarm: why do u hack
(24:35 / All) ZergSwarm: so badly
(24:46 / All) NiceLegsAndButt: why do you do shitty strategies with no micro and then cry if u lose
(25:06 / Allies) NiceLegsAndButt: well wtih ur heroes 5/4/4
(25:07 / All) ZergSwarm: because u kids fucking hack?
(25:10 / All) MrFrosty: way to lose fights where you are 200 food up btw.
(25:13 / Allies) NiceLegsAndButt: land seige is pretty fucked
(25:57 / Allies) NiceLegsAndButt: gonna mass cyclone on us
(26:43 / Allies) NiceLegsAndButt: more tower
(26:53 / Allies) NiceLegsAndButt: 500 g anyone
(28:05 / Allies) NiceLegsAndButt: lol
(28:10 / Allies) NiceLegsAndButt: should i leave trees like that
(28:35 / Allies) NiceLegsAndButt: haha
(28:39 / Allies) NiceLegsAndButt: thats not bullshit
(28:41 / Allies) NiceLegsAndButt: thats noob
(28:52 / All) NiceLegsAndButt: hacked ur expo
(29:14 / Allies) NiceLegsAndButt: almost 6 here
(29:26 / Allies) NiceLegsAndButt: might as well
(30:07 / Allies) NiceLegsAndButt: tower this more im o
(30:26 / Allies) NiceLegsAndButt: l6
(30:50 / All) NiceLegsAndButt: -350 gold
(30:57 / All) ZergSwarm: u hack
(30:59 / All) ZergSwarm: u think i care?
(31:02 / All) NiceLegsAndButt: hahahahah
(31:06 / All) NiceLegsAndButt: u think we hack hahahahha
(31:08 / All) MrFrosty: we actually don't
(31:12 / All) ZergSwarm: i stopped caring a long time ago
(31:15 / All) MrFrosty: im sorry but you lost on this map with garg feed
(31:18 / All) ZergSwarm: when i realized u were hackers
(31:21 / All) NiceLegsAndButt: thats sooner than u started being good FYI
(31:30 / All) ZergSwarm: ur good?
(31:32 / All) MrFrosty: you havent started being good fyi.
(31:35 / All) NiceLegsAndButt: ur bad.
(32:00 / All) NiceLegsAndButt: check out this next hack
(32:11 / All) NiceLegsAndButt: I got a secret ability form DotA, BladeDance
(32:38 / Allies) NiceLegsAndButt: yup
(32:43 / Allies) NiceLegsAndButt: gonna eat my invis
(32:47 / Allies) NiceLegsAndButt: err can u even??
(32:49 / Allies) NiceLegsAndButt: can u eat ww
(33:09 / Allies) NiceLegsAndButt: no
(33:15 / Allies) NiceLegsAndButt: buidl towards him
(33:23 / Allies) NiceLegsAndButt: and chop ur own goddamn lumber there
(33:41 / Allies) NiceLegsAndButt: can i
(33:54 / Allies) NiceLegsAndButt: k
(34:46 / All) ZergSwarm: hack more
(34:55 / All) Gobiner: It's a win-win even if you lose-lose!
(35:01 / All) NiceLegsAndButt: number 2
(35:03 / All) ZergSwarm: LOL
(35:10 / All) ZergSwarm: cute rick
(35:11 / All) ZergSwarm: trick
(36:21 / Allies) NiceLegsAndButt: lawl
(36:27 / All) ZergSwarm: i keep telling my allies to cyclone
(36:29 / All) ZergSwarm: but they refuse lol
(36:37 / All) ZergSwarm: maybe its becausey ou are?
(36:40 / All) ZergSwarm: maybe its because
(36:41 / All) ZergSwarm: u are?
(36:44 / All) ZergSwarm: hmm duno
(36:52 / All) NiceLegsAndButt: probobly cause youre stupid too
(37:03 / All) Gobiner: 2ez nubs
(37:38 / All) NiceLegsAndButt: hey
(37:39 / All) NiceLegsAndButt: Check dis otu'
(37:50 / All) MrFrosty: lmaooo
(37:53 / All) ZergSwarm: im on
(37:56 / All) ZergSwarm: a 1-0 acc
(37:57 / All) MrFrosty: how do you lose a fight like that?
(37:58 / All) ZergSwarm: i could care less
(38:00 / All) MrFrosty: how bad are you.
(38:05 / All) NiceLegsAndButt: nice job
(38:09 / All) NiceLegsAndButt: u care about your account and record
(38:17 / All) ZergSwarm: u do too
(38:18 / All) NiceLegsAndButt: more than actually playing the game lmao
(38:19 / All) MrFrosty: i bet thats the best record you have ever had
(38:25 / All) ZergSwarm: u care more than i
(38:28 / All) ZergSwarm: because guess what
(38:29 / All) NiceLegsAndButt: lol?
(38:32 / All) ZergSwarm: if i asked u to leave the game
(38:34 / All) ZergSwarm: u wouldnt
(38:37 / All) MrFrosty: hahahaha
(38:44 / All) ZergSwarm: ud just laugh
(38:44 / All) NiceLegsAndButt: oh yeah YOU TOTALLY GOT ME THERE
(38:50 / All) ZergSwarm: ur right i do
(38:55 / All) ZergSwarm: wow ur actually right about something !
(39:06 / All) NiceLegsAndButt: wowowowow!